 Dungeon Crawl Stone Soup version 0.27.1-33-g824d729ab1 (webtiles) character file.

Game seed: 2586938860151737418

91 ces the Covered (level 4, -1/38 HPs)
             Began as a Gnoll Wanderer on Dec 1, 2021.
             Slain by Sigmund (11 damage)
             ... on level 3 of the Dungeon.
             The game lasted 00:05:44 (3935 turns).

ces the Covered (Gnoll Wanderer)                    Turns: 3935, Time: 00:05:45

Health: -1/38      AC:  9    Str:  8 (11) XL:     4   Next: 57%
Magic:  5/5        EV:  8    Int:  6 (9)  God:
Gold:   106        SH:  0    Dex: 14 (15) Spells: 5/5 levels left

rFire    . . .     SeeInvis .   a - +0 hand axe
rCold    . . .     Faith    .   (no shield)
rNeg     . . .     Spirit   .   c - +2 scale mail
rPois    .         Reflect  .   (no helmet)
rElec    .         Harm     .   (no cloak)
rCorr    .         Rampage  .   (no gloves)
Will     .....                  (no boots)
Stlth    ..........             (no amulet)
HPRegen  0.12/turn              (no ring)
MPRegen  0.09/turn              (no ring)

@: lethally poisoned (-1 -> -5)
A: fangs 1, strong nose, distributed training
a: no special abilities


You were on level 3 of the Dungeon.
You visited 1 branch of the dungeon, and saw 3 of its levels.

You collected 106 gold pieces.

Inventory:

Hand Weapons
 a - a +0 hand axe (weapon)
Missiles
 d - 24 bolts
 l - 4 javelins (quivered)
Armour
 c - a +2 scale mail (worn)
Jewellery
 k - a ring of see invisible
Scrolls
 b - 3 scrolls of teleportation
 f - a scroll of identify {unknown}
 g - a scroll of immolation {unknown}
 h - a scroll of holy word {unknown}
Potions
 e - a potion of degeneration
 i - 2 potions of curing {unknown}
 j - 2 potions of haste {unknown}
 m - a potion of lignification {unknown}
 n - a potion of flight {unknown}


   Skills:
 + Level 4.6 Fighting
 + Level 1.2 Short Blades
 + Level 1.2 Long Blades
 + Level 1.2 Axes
 + Level 2.8 Maces & Flails
 + Level 1.2 Polearms
 + Level 1.2 Staves
 + Level 1.2 Slings
 + Level 1.2 Bows
 + Level 1.2 Crossbows
 + Level 2.8 Throwing
 + Level 4.6 Armour
 + Level 1.2 Dodging
 + Level 1.2 Stealth
 + Level 2.8 Shields
 + Level 1.2 Unarmed Combat
 + Level 1.2 Spellcasting
 + Level 1.0 Conjurations
 + Level 1.0 Hexes
 + Level 1.0 Summonings
 + Level 1.0 Necromancy
 + Level 1.0 Translocations
 + Level 2.2 Transmutations
 + Level 3.8 Fire Magic
 + Level 1.0 Ice Magic
 + Level 1.0 Air Magic
 + Level 1.0 Earth Magic
 + Level 1.0 Poison Magic
 + Level 1.3 Invocations
 + Level 1.2 Evocations


You had 5 spell levels left.
You didn't know any spells.
Your spell library contained the following spells:

 Spells                   Type           Power      Damage    Failure   Level
 Conjure Flame            Conj/Fire      3%         6-21      99%         3
 Ignite Poison            Fire/Tmut/Pois 3%         N/A       99%         3
 Sticky Flame             Conj/Fire      3%         2d3       100%        4


Dungeon Overview and Level Annotations

Branches:
Dungeon (3/15)

Altars:
Okawaru

Shops:
D:3 [

Annotations:
D:3 Sigmund, Terence


Innate Abilities, Weirdness & Mutations

You have very sharp teeth.
Your uncanny sense of smell can sniff out nearby items.
Your experience applies equally to all skills.


Message History

The giant cockroach barely misses you.
A goblin comes into view. It is wielding a +0 dagger.
A puff of flame appears from out of thin air!
The puff of flame hits you.
The giant cockroach bites you but does no damage.
You hit the goblin.
You kill the goblin!
You closely miss the giant cockroach. The giant cockroach closely misses you.
Terence the Incautious comes into view.
He is wielding a +4 mace of pain.
Terence shouts!
You see here a +0 dagger.
Terence hits you with a +4 mace of pain.
The giant cockroach barely misses you.
You see here a ring of protection from cold.
Terence hits you with a +4 mace of pain.
An endoplasm comes into view.
Terence hits you with a +4 mace of pain.
The endoplasm quivers.
The giant cockroach waves its antennae.
The giant cockroach closely misses you.
Sigmund appears from thin air!
Reactivating autopickup.
The giant cockroach bites you but does no damage.
The giant cockroach bites you.
The giant cockroach bites you but does no damage.
Found a short sword.
The giant cockroach closely misses you. The giant cockroach bites you.
An adder comes into view.
The adder hisses angrily.
The giant cockroach barely misses you. The giant cockroach bites you.
The adder bites you.
* * * LOW HITPOINT WARNING * * *
You are poisoned.
The adder poisons you!
Okay, then.
It was a potion of degeneration.
There was something very wrong with that liquid.
You feel weakened.
You feel dopey.
You feel clumsy.
You feel sick.
Sigmund hits you from afar with a +0 scythe!
You die...

#..@.....⌠.......
##.#####J..#####
### +#.#+ #@# #.#
#.# ##@##
#..B#####..#
##..@S....#
##########


You could see Sigmund, an adder and a giant cockroach.

Vanquished Creatures
  2 adders
  A gnoll (D:1)
  A worm (D:2)
  A dart slug (D:2)
  An orc (D:3)
  6 ball pythons
  5 bats
  6 endoplasms
  3 giant cockroaches
  6 goblins
  2 hobgoblins (D:2)
  2 jackals (D:1)
  2 quokkas
  3 frilled lizards
  6 kobolds
  6 rats
53 creatures vanquished.

Notes
Turn   | Place    | Note
-------+----------+-------------------------------------------
     0 | D:1      | ces the Gnoll Wanderer began the quest for the Orb.
     0 | D:1      | ces set off with the following items: a +0 dagger, a scroll
                  | of teleportation, a +2 scale mail
     0 | D:1      | Reached XP level 1. HP: 20/20 MP: 1/1
   816 | D:1      | Reached XP level 2. HP: 26/26 MP: 2/2
   978 | D:1      | Found a faded altar of an unknown god.
  1683 | D:1      | Reached XP level 3. HP: 24/31 MP: 3/3
  2265 | D:2      | Reached skill level 1 in Invocations
  2687 | D:2      | Reached skill level 1 in Short Blades
  2687 | D:2      | Reached skill level 1 in Long Blades
  2687 | D:2      | Reached skill level 1 in Axes
  2687 | D:2      | Reached skill level 1 in Polearms
  2687 | D:2      | Reached skill level 1 in Staves
  2687 | D:2      | Reached skill level 1 in Slings
  2687 | D:2      | Reached skill level 1 in Bows
  2687 | D:2      | Reached skill level 1 in Crossbows
  2687 | D:2      | Reached skill level 1 in Dodging
  2687 | D:2      | Reached skill level 1 in Stealth
  2687 | D:2      | Reached skill level 1 in Unarmed Combat
  2687 | D:2      | Reached skill level 1 in Spellcasting
  2687 | D:2      | Reached skill level 1 in Evocations
  2809 | D:2      | Reached XP level 4. HP: 27/38 MP: 5/5
  3211 | D:2      | Found an iron altar of Okawaru.
  3814 | D:3      | Found Wuanaoj's Armour Shop.
  3848 | D:3      | Noticed Sigmund
  3896 | D:3      | Reached skill level 1 in Conjurations
  3896 | D:3      | Reached skill level 1 in Hexes
  3896 | D:3      | Reached skill level 1 in Summonings
  3896 | D:3      | Reached skill level 1 in Necromancy
  3896 | D:3      | Reached skill level 1 in Translocations
  3896 | D:3      | Reached skill level 1 in Ice Magic
  3896 | D:3      | Reached skill level 1 in Air Magic
  3896 | D:3      | Reached skill level 1 in Earth Magic
  3896 | D:3      | Reached skill level 1 in Poison Magic
  3901 | D:3      | Noticed Terence
  3935 | D:3      | Slain by Sigmund

Illustrated notes

Levels and vault maps discovered:
D:1:      minmay_arrival_jagged, layout_loops_corners,
          dilly_ecumenical_altar_fadedgnrine
D:2:      minmay_kobold_bridge, layout_basic, basic_altar, minmay_tetromino_s2
D:3:      layout_basic, grunt_temple_overflow_cloverleaf, serial_shops, shop,
          uniq_sigmund, uniq_terence

Skill      XL: |  1  2  3  4 |
---------------+-------------+-----
Transmutations | 2 |  2.2
Invocations    | 1 |  1.3
Short Blades   | 1 |  1.2
Long Blades    | 1 |  1.2
Axes           | 1 |  1.2
Polearms       | 1 |  1.2
Staves         | 1 |  1.2
Slings         | 1 |  1.2
Bows           | 1 |  1.2
Crossbows      | 1 |  1.2
Dodging        | 1 |  1.2
Stealth        | 1 |  1.2
Unarmed Combat | 1 |  1.2
Spellcasting   | 1 |  1.2
Evocations     | 1 |  1.2
Conjurations   | 1 |  1.0
Hexes          | 1 |  1.0
Summonings     | 1 |  1.0
Necromancy     | 1 |  1.0
Translocations | 1 |  1.0
Ice Magic      | 1 |  1.0
Air Magic      | 1 |  1.0
Earth Magic    | 1 |  1.0
Poison Magic   | 1 |  1.0
Fighting       | |  4.6
Maces & Flails | |  2.8
Throwing       | |  2.8
Armour         | |  4.6
Shields        | |  2.8
Fire Magic     | |  3.8

Action                   |  1- 3 |  4- 6 || total
-------------------------+-------+-------++-------
Melee: Dagger            |   163 |    58 ||   221
       Bite              |    19 |    12 ||    31
       Hand axe          |       |     9 ||     9
       Punch             |       |     1 ||     1
Throw: Javelin           |    26 |     4 ||    30
  Use: Potion            |       |     1 ||     1
Armor: Scale mail        |   103 |    56 ||   159
Dodge: Dodged            |    71 |    46 ||   117
